 Dungeon Sprint DCSS version 0.28-a0-1199-gef9e1dbd39 (webtiles) character file.

Game seed: 13667425167641410956

21575 mhtbhm the Bludgeoner (level 12, -3/127 HPs)
             Began as a Minotaur Berserker on Dec 19, 2021.
             Was the Champion of Trog.
             Slain by a ghost moth (7 damage)
             ... called by a spriggan druid
             ... in the Dungeon (Sprint IV: "Fedhas' Mad Dash").
             The game lasted 00:08:31 (4360 turns).

mhtbhm the Bludgeoner (Minotaur Berserker)          Turns: 4360, Time: 00:08:32

Health: -3/127     AC:  4    Str: 27    XL:     12   Next: 55%
Magic:  1/11       EV: 17    Int:  4    God:    Trog [******]
Gold:   35         SH:  5    Dex: 14    Spells: 11/11 levels left

rFire   . . .      SeeInvis .   a - +11 dire flail of Pyromania {flame, *Noise rCorr Dex+4}
rCold   . . .      Faith    .   (shield currently unavailable)
rNeg    . . .      Spirit   .   b - +0 leather armour
rPois   .          Reflect  +   (helmet restricted)
rElec   .          Harm     .   (no cloak)
rCorr   +          Rampage  +   (no gloves)
Will    .....      NoTele   +   (no boots)
Stlth   ++++++....              j - amulet "Soewy" {Reflect Rampage SH+5}
HPRegen 0.31/turn               (no ring)
MPRegen 0.12/turn               (no ring)

@: on berserk cooldown, slowed, studying Dodging, very slow
A: horns 2, retaliatory headbutt
a: Renounce Religion, Berserk, Trog's Hand, Brothers in Arms


You were in the Dungeon.
You worshipped Trog.
Trog was exalted by your worship.
You visited 1 branch You collected 442 gold pieces.
You spent 407 gold pieces at shops.

Inventory:

Hand Weapons
 a - the +11 dire flail of Pyromania (weapon) {flame, *Noise rCorr Dex+4}
   (Trog gifted it to you in the Dungeon)

   It burns those it strikes, dealing additional fire damage.
   Dex:       It affects your dexterity (+4).
   *Noise:    It may make noises in combat.
   rCorr:     It protects you from acid and corrosion.
Armour
 b - a +0 leather armour (worn)
Jewellery
 j - the amulet "Soewy" (around neck) {Reflect Rampage SH+5}
   (You bought it in a shop in the Dungeon)

   [amulet of reflection]

   It reflects blocked missile attacks.
   SH:        It affects your SH (+5).
   Rampage:   It bestows one free step when moving towards enemies.
 k - the amulet of invisibility {+Inv}
   (You found it in the Dungeon)

   [amulet of nothing]

   +Inv:      It lets you turn invisible.
 n - the amulet "Poisuj" {Faith Fly rElec MP-9 Int+7}
   (You found it in the Dungeon)

   [amulet of faith]

   It allows you to gain divine favour quickly.
   Int:       It affects your intelligence (+7).
   rElec:     It insulates you from electricity.
   MP:        It affects your magic capacity (-9).
   Fly:       It grants you flight.
Scrolls
 h - a scroll of blinking
 l - a scroll of identify
Potions
 c - a potion of curing
 d - 2 potions of heal wounds
 e - a potion of haste
 f - 2 potions of magic
 g - 2 potions of berserk rage
 i - a potion of lignification
Miscellaneous
 m - a phantom mirror


   Skills:
 + Level 17.9 Fighting
 + Level 19.6 Maces & Flails
 + Level 9.4 Armour
 + Level 11.7 Dodging
 + Level 15.7 Stealth
 - Level 2.7 Shields
 + Level 12.5 Evocations


You had 11 spell levels left.
You didn't know any spells.
Your spell library was empty.

Dungeon Overview and Level Annotations

Branches:
Dungeon (1/1)

Altars:
Cheibriados
Dithmenos
Elyvilon
Gozag
Hepliaklqana
Kikubaaqudgha
Makhleb
Nemelex Xobeh
Okawaru
Qazlal
Ru
Sif Muna
Trog
Uskayaw
Vehumet
Wu Jian
Xom
Yredelemnul
Zin
The Shining One
Beogh
Jiyva
Lugonu

Shops:
D =[[*([![?(![:(?=:*(


Innate Abilities, Weirdness & Mutations

You have a pair of horns on your head.
You reflexively headbutt those who attack you in melee.


Message History

You kill the queen bee!
Trog accepts your kill.
Things that are here:
a +0 quarterstaff; a +0 robe; a spriggan corpse You feel a strong urge to attack something.
You see here a +2 great mace.
You are no longer berserk.
You are exhausted.
You feel yourself slow down.
You start resting.
A moth of wrath comes into view.
A moth of wrath is nearby!
A moth of wrath is nearby!
A moth of wrath is nearby!
You rampage towards the moth of wrath!
You rampage towards the moth of wrath!
You block the moth of wrath's attack. The moth of wrath bites you!!
You impale the moth of wrath!! You burn the moth of wrath.
Your dire flail of Pyromania applauds itself.
You headbutt the moth of wrath!
The moth of wrath is severely wounded.
The moth of wrath bites you.
You bludgeon the moth of wrath!! You burn the moth of wrath!
You kill the moth of wrath!
Trog accepts your kill.
You feel you are being watched by something.
You feel your power leaking away.
You see here a moth of wrath corpse.
Deactivating autopickup; reactivate with Ctrl-A.
You barely miss something. You headbutt something. Something hits you.
Something hits you!
* * * LOW HITPOINT WARNING * * *
Something stings you!
* * * LOW HITPOINT WARNING * * *
Something hits you!
* * * LOW HITPOINT WARNING * * *
Something hits you.
* * * LOW HITPOINT WARNING * * *
Something stings you!
You die...

'........(##...P..'.#
#####.....'.....")### #
##################
#####∩∩∩#............#########
'....∩.∩)......).....'....)..#
#####∩∩∩#............#######.#
# ########################.#
.♣..♣..♣).♣..♣..♣..♣..♣..♣..#
......†.)).....@{...........#
.♣..♣..♣).♣..♣..♣..♣..♣..♣..#
#########################


There were no monsters in sight!

Vanquished Creatures
  Agnes (D)
  A ghost moth (D)
  2 spriggan defenders (D)
  4 spriggan berserkers (D)
  2 spriggan druids (D)
  23 oklob plants (D)
  A moth of wrath (D)
  3 demonic crawlers (D)
  2 queen bees (D)
  2 burning bushes (D)
  6 hornets (D)
  A wandering mushroom (D)
  3 scorpions (D)
  4 killer bees (D)
  5 oklob saplings (D)
  8 spriggans (D)
  A river rat (D)
  A rat (D)
  A ballistomycete spore (D)
  3 bushes (D)
74 creatures vanquished.

Vanquished Creatures (collateral kills)
  A spriggan defender (D)
1 creature vanquished.

Vanquished Creatures (others)
  A ballistomycete spore (D)
  A bush (D)
2 creatures vanquished.

Grand Total: 77 creatures vanquished

Notes
Turn   | Place    | Note
-------+----------+-------------------------------------------
     0 | D        | mhtbhm the Minotaur Berserker began the quest for the Orb.
     0 | D        | Reached XP level 1. HP: 19/19 MP: 0/0
     9 | D        | Reached skill level 4 in Maces & Flails
     9 | D        | Reached XP level 2. HP: 28/28 MP: 1/1
    44 | D        | Noticed an oklob sapling
    46 | D        | Killed an oklob sapling
    46 | D        | Reached ** piety under Trog
    47 | D        | Reached skill level 6 in Maces & Flails
    47 | D        | Reached XP level 3. HP: 37/37 MP: 2/2
   181 | D        | Noticed a scorpion
   181 | D        | Found the amulet of invisibility {+Inv}
   184 | D        | Killed a scorpion
   185 | D        | Reached skill level 7 in Maces & Flails
   185 | D        | Reached XP level 4. HP: 47/47 MP: 3/3
   244 | D        | Found an opulent altar of Gozag.
   244 | D        | Found a hazy altar of Hepliaklqana.
   244 | D        | Found a burning altar of Makhleb.
   244 | D        | Found a sparkling altar of Nemelex Xobeh.
   244 | D        | Found a snail-covered altar of Cheibriados.
   244 | D        | Found a sacrificial altar of Ru.
   244 | D        | Found a shimmering blue altar of Sif Muna.
   244 | D        | Found a shimmering altar of Xom.
   244 | D        | Found a basalt altar of Yredelemnul.
   245 | D        | Found a viscous altar of Jiyva.
   245 | D        | Found a bloodstained altar of Trog.
   245 | D        | Found an ornate altar of the Wu Jian Council.
   246 | D        | Found an iron altar of Okawaru.
   246 | D        | Found a shadowy altar of Dithmenos.
   246 | D        | Found a glowing silver altar of Zin.
   247 | D        | Found an ancient bone altar of Kikubaaqudgha.
   247 | D        | Found a hide-covered altar of Uskayaw.
   248 | D        | Found a stormy altar of Qazlal.
   248 | D        | Found a white marble altar of Elyvilon.
   248 | D        | Found a glowing golden altar of the Shining One.
   249 | D        | Found a corrupted altar of Lugonu.
   249 | D        | Found a radiant altar of Vehumet.
   256 | D        | Reached skill level 8 in Maces & Flails
   256 | D        | Reached XP level 5. HP: 55/55 MP: 1/4
   301 | D        | Reached skill level 9 in Maces & Flails
   301 | D        | Reached skill level 1 in Stealth
   301 | D        | Reached skill level 1 in Evocations
   455 | D        | Reached skill level 5 in Armour
   457 | D        | Reached *** piety under Trog
   459 | D        | Reached skill level 5 in Dodging
   459 | D        | Reached XP level 6. HP: 66/66 MP: 5/5
   574 | D        | Found Juamy's Magic Scroll Shop.
   574 | D        | Found Ufeczaod's Antique Weapon Emporium.
   624 | D        | Reached skill level 10 in Fighting
   624 | D        | Reached skill level 10 in Maces & Flails
   778 | D        | Noticed a queen bee
   792 | D        | Reached **** piety under Trog
   793 | D        | Reached skill level 1 in Shields
   795 | D        | Killed a queen bee
   796 | D        | Reached skill level 11 in Maces & Flails
   796 | D        | Reached XP level 7. HP: 74/74 MP: 4/6
  1013 | D        | Noticed an oklob plant
  1022 | D        | Killed an oklob plant
  1023 | D        | Reached skill level 12 in Maces & Flails
  1023 | D        | Reached XP level 8. HP: 84/84 MP: 7/7
  1090 | D        | Noticed a burning bush
  1097 | D        | Killed a burning bush
  1098 | D        | Reached skill level 13 in Maces & Flails
  1253 | D        | Noticed a burning bush
  1253 | D        | Noticed an oklob plant
  1254 | D        | Noticed a wandering mushroom
  1258 | D        | Killed a burning bush
  1258 | D        | Reached ***** piety under Trog
  1259 | D        | Reached skill level 5 in Stealth
  1620 | D        | Killed an oklob plant
  1621 | D        | Reached skill level 14 in Maces & Flails
  1621 | D        | Reached skill level 5 in Evocations
  1621 | D        | Reached XP level 9. HP: 93/93 MP: 6/8
  1674 | D        | Noticed a spriggan druid
  1681 | D        | Killed a spriggan druid
  1681 | D        | Identified the +11 dire flail of Pyromania {flame, *Noise
                  | rCorr Dex+4} (Trog gifted it to you in the Dungeon)
  1681 | D        | Received a gift from Trog
  1833 | D        | Noticed an oklob plant conjurer
  1834 | D        | Killed an oklob plant conjurer
  1835 | D        | Reached skill level 15 in Maces & Flails
  1909 | D        | Noticed an oklob plant
  1909 | D        | Noticed an oklob plant summoner
  1910 | D        | Noticed an oklob plant shifter
  1914 | D        | Killed an oklob plant
  1919 | D        | Killed an oklob plant shifter
  1922 | D        | Killed an oklob plant summoner
  1922 | D        | Received a gift from Trog
  1948 | D        | Noticed a demonic crawler
  1953 | D        | Killed a demonic crawler
  1954 | D        | Reached XP level 10. HP: 80/104 MP: 9/9
  2043 | D        | Noticed a spriggan rider
  2052 | D        | Found Ikhys's General Store.
  2056 | D        | Killed a spriggan rider
  2057 | D        | Reached skill level 16 in Maces & Flails
  2061 | D        | Found Ataum's Weapon Shoppe.
  2313 | D        | Noticed Agnes
  2318 | D        | Killed Agnes
  2318 | D        | Received a gift from Trog
  2319 | D        | Reached skill level 15 in Fighting
  2319 | D        | Reached skill level 10 in Stealth
  2474 | D        | Found Nyff's Jewellery Emporium.
  2474 | D        | Noticed a spriggan berserker
  2476 | D        | Found Doxt's Book Shoppe.
  2477 | D        | Noticed a spriggan defender
  2484 | D        | Killed a spriggan defender
  2485 | D        | Reached skill level 17 in Maces & Flails
  2671 | D        | Noticed a death yak
  2673 | D        | Killed a spriggan berserker
  2820 | D        | Noticed a spriggan rider
  2874 | D        | Killed a spriggan rider
  2875 | D        | Reached XP level 11. HP: 113/113 MP: 10/10
  3171 | D        | Found Vorimp's Jewellery Shoppe.
  3171 | D        | Found Digil's Armour Boutique.
  3171 | D        | Found Xegorr's Antique Armour Emporium.
  3184 | D        | Killed a ghost moth
  3185 | D        | Reached skill level 18 in Maces & Flails
  3257 | D        | Noticed an oklob plant shifter
  3257 | D        | Noticed an oklob plant meteorologist
  3261 | D        | Killed an oklob plant meteorologist
  3261 | D        | Received a gift from Trog
  3262 | D        | Reached skill level 10 in Dodging
  3262 | D        | Reached skill level 10 in Evocations
  3269 | D        | Killed an oklob plant shifter
  3319 | D        | Noticed a spriggan rider
  3327 | D        | Reached ****** piety under Trog
  3333 | D        | Killed a spriggan rider
  3333 | D        | Received a gift from Trog
  3565 | D        | Found Qajuih's Antique Weapon Shoppe.
  3565 | D        | Found Piuzi's Antique Armour Boutique.
  3565 | D        | Found Jeibuc's Assorted Antiques.
  3565 | D        | Found Qeegept's Armour Emporium.
  3565 | D        | Found Juitt's Distillery.
  3566 | D        | Found Vapoack's Weapon Emporium.
  3566 | D        | Found Hiaset's Distillery.
  3566 | D        | Found Xoarut's Magic Scroll Boutique.
  3617 | D        | Bought the amulet "Soewy" {Reflect Rampage SH+5} for 407
                  | gold pieces
  3674 | D        | Noticed an oklob plant summoner
  3678 | D        | Found Omaesocaobb's Armour Emporium.
  3679 | D        | Found Bifog's Book Shop.
  3684 | D        | Killed an oklob plant summoner
  3693 | D        | Noticed an oklob plant demonologist
  3693 | D        | Noticed an oklob plant annihilator
  3694 | D        | Noticed a spriggan berserker
  3702 | D        | Killed an oklob plant annihilator
  3705 | D        | Killed a spriggan berserker
  3710 | D        | Killed an oklob plant demonologist
  3759 | D        | Identified the amulet "Poisuj" {Faith Fly rElec MP-9 Int+7}
  3810 | D        | Noticed an oklob plant
  3810 | D        | Noticed an oklob plant
  3810 | D        | Noticed an oklob plant
  3810 | D        | Noticed an oklob plant
  3810 | D        | Noticed an oklob plant
  3810 | D        | Noticed an oklob plant
  3811 | D        | Noticed an oklob plant
  3812 | D        | Killed an oklob plant
  3812 | D        | Received a gift from Trog
  3813 | D        | Noticed an oklob plant
  3814 | D        | Killed an oklob plant
  3815 | D        | Noticed an oklob plant
  3817 | D        | Killed an oklob plant
  3818 | D        | Noticed an oklob plant
  3821 | D        | Killed an oklob plant
  3822 | D        | Noticed an oklob plant
  3827 | D        | Killed an oklob plant
  3828 | D        | Noticed an oklob plant
  3833 | D        | Killed an oklob plant
  3834 | D        | Reached XP level 12. HP: 121/125 MP: 11/11
  3837 | D        | Reached skill level 19 in Maces & Flails
  3870 | D        | Received a gift from Trog
  3976 | D        | Noticed a spriggan defender
  3976 | D        | Noticed a spriggan defender
  3998 | D        | Killed a spriggan defender
  4006 | D        | Killed a spriggan defender
  4007 | D        | Reached skill level 15 in Stealth
  4333 | D        | Received a gift from Trog
  4360 | D        | HP: 6/127 [something (16)]
  4360 | D        | Slain by a ghost moth

Illustrated notes

Levels and vault maps discovered:
D:        dungeon_sprint_fedhas [sprint_temple]

Skill      XL: |  1  2  3  4  5  6  7  8  9 10 11 12 |
---------------+-------------------------------------+-----
Fighting       | 4 6 7 8 9 11 12 13 14 15 17 | 17.9
Maces & Flails | 4 6 7 8 9 11 12 14 15 17 18 19 | 19.6
Armour         | 3 4 5 6 7 8 9 |  9.4
Dodging        | 3 4 5 6 7 8 9 10 11 | 11.7
Stealth        | 1 3 4 5 8 11 13 15 | 15.7
Evocations     | 1 3 5 7 9 11 12 | 12.5
Shields        | 1 2 |  2.7

Action                   |  1- 3 |  4- 6 |  7- 9 | 10-12 || total
-------------------------+-------+-------+-------+-------++-------
Melee: Mace              |     5 |    25 |    34 |       ||    64
       Headbutt          |     1 |     2 |    14 |    38 ||    55
       Dire flail        |       |       |    11 |   132 ||   143
Invok: Berserk           |     3 |     5 |     6 |    10 ||    24
 Abil: Evoke Invisibilit |       |     2 |     3 |     7 ||    12
Evoke: Phantom mirror    |       |       |       |     2 ||     2
  Use: Scroll            |       |       |       |     3 ||     3
 Stab: Invisible         |       |     3 |     1 |     9 ||    13
       Sleeping          |       |       |     6 |     9 ||    15
Armor: Leather armour    |       |       |       |     6 ||     6
Dodge: Dodged            |     2 |    18 |    11 |    30 ||    61
Block: Buckler           |     1 |     3 |       |       ||     4
       Other             |       |       |       |     3 ||     3

Table legend: (Time is in decaauts)
 A = Elapsed time spent in this place.
 B = Non-inter-level travel time spent in this place.
 C = Inter-level travel time spent in this place.
 D = Time resting spent in this place.
 E = Time spent auto-exploring this place.
 F = Levels seen in this place.
 G = Mean time per level.
                   A        B        C        D        E       F      G
               +--------+--------+--------+--------+--------+-----+--------+
         Total |   4528 |   4528 |      0 |   3372 |      3 |   1 | 4528.0 |
       Dungeon |   4528 |   4528 |      0 |   3372 |      3 |   1 | 4528.0 |
               +--------+--------+--------+--------+--------+-----+--------+

Top non-repeatable levels by time:
       D: 4528 daAuts
